 Dungeon Crawl Stone Soup version 0.17-a0-2109-g117576f (webtiles) character file.

3779 brucemayne the Cleaver (level 9, -2/63 HPs)
             Began as a Demonspawn Berserker on Oct 19, 2015.
             Was a Priest of Trog.
             Slain by an ogre zombie (7 damage)
             ... on level 12 of the Dungeon.
             The game lasted 00:13:02 (2126 turns).

brucemayne the Cleaver (Demonspawn Berserker)       Turns: 2126, Time: 00:13:02

Health: -2/63      AC: 16    Str: 28      XL:     9   Next: 95%
Magic:  9/9        EV: 15    Int: 13      God:    Trog [***...]
Gold:   122        SH:  0    Dex: 18 (19) Spells: 0 memorised, 8 levels left

rFire  . . .     SeeInvis .     I - +0 war axe
rCold  + . .     Clarity  .     D - +0 plate armour
rNeg   + . .     SustAt   .     (no shield)
rPois  .         Gourm    .     (no helmet)
rElec  .         Spirit   .     r - +0 cloak
rCorr  .         Warding  +     l - +0 pair of gloves
rMut   .         Stasis   .     (no boots)
MR     ++...                    i - amulet of warding
Stlth  ..........               t - +3 ring of evasion
                                j - +3 ring of strength

@: mighty, brilliant, agile, exhausted, regenerating, slowed, very slow, very
resistant to hostile enchantments, extremely unstealthy
A: claws 1, icy blue scales 3, nightstalker 2
a: Berserk, Trog's Hand, Burn Spellbooks, Renounce Religion


You were on level 12 of the Dungeon.
You worshipped Trog.
Trog was most pleased with you.
You were hungry.

You visited 1 branch of the dungeon, and saw 12 of its levels.

You collected 122 gold pieces.

Inventory:

Hand Weapons
 a - a +0 hand axe
 x - a +0 blowgun
 B - a +0 dagger of distortion
 I - a +0 war axe (weapon)
Missiles
 e - 5 curare-tipped needles
 F - 2 throwing nets (quivered)
Armour
 b - a +0 animal skin
 g - a +0 chain mail
 l - a +0 pair of gloves (worn)
 p - a +1 scale mail of cold resistance
 r - a +0 cloak (worn)
 z - a +0 ring mail
 D - a +0 plate armour (worn)
 J - a +0 pair of boots
Magical Staves
 H - an uncursed staff of air {unknown}
Jewellery
 i - an amulet of warding (around neck)
 j - a +3 ring of strength (left hand)
 t - a +3 ring of evasion (right hand)
Wands
 m - a wand of enslavement (8)
 E - a wand of lightning (0)
Scrolls
 y - a scroll of magic mapping
Potions
 f - a potion of curing
 s - a potion of magic {unknown}
 v - a potion of berserk rage {unknown}
 w - a potion of brilliance
 G - a potion of resistance {unknown}
Comestibles
 c - 7 bread rations
 k - 2 meat rations
 A - 3 beef jerkies
 C - 11 chunks of flesh


   Skills:
 - Level 3.0 Fighting
 + Level 13.0 Axes
 - Level 1.7 Armour
 - Level 1.7 Dodging


You had 8 spell levels left.
You didn't know any spells.

Dungeon Overview and Level Annotations

Branches:
Dungeon (12/15)              Lair (0/8) D:8             Orc (0/4) D:12
 Temple: D:4-7

Altars:


Innate Abilities, Weirdness & Mutations

You have sharp fingernails.
You are completely covered in icy blue scales (AC +4, EV -1, rC+).
You are significantly more attuned to the shadows.


Message History

The troll zombie completely misses you. The troll zombie misses you.
The ogre zombie barely misses you.
The ogre zombie hits you but does no damage. x2
The phantom misses you.
The orc zombie hits you but does no damage.
You slash the phantom!
The phantom is almost destroyed.
You slash the goblin zombie!
You destroy the goblin zombie!
You slash the ogre zombie! x2
You slash the orc zombie!
You destroy the orc zombie!
You hit the troll zombie. You slash the phantom!
The phantom is heavily damaged.
You slash the ogre zombie!
You destroy the ogre zombie!
The phantom blinks!
The troll zombie misses you.
The troll zombie claws you but does no damage. x2
The ogre zombie hits you!
You die...

...........
......W.....
..8...>...8.
#...........
#.....§Z....
#...Z@W...#
#...Z.Z...#
#.........#
#....8....#
####...####
..... ......


You could see 2 phantoms, an orc zombie, 2 ogre zombies and a troll zombie.

Vanquished Creatures
  Sonja (D:10)
  A hill giant (D:10)
  A fire drake (D:8)
  A wraith (D:10)
  5 yaks
  A hungry ghost (D:12)
  Edmund (D:4)
  A black bear (D:10)
  2 ice beasts
  2 orc warriors
  A sky beast (D:8)
  A centaur (D:11)
  An ogre (D:8)
  A scorpion (D:10)
  2 hounds
  A centaur zombie (D:5)
  3 crimson imps
  3 orc wizards
  Crazy Yiuf (D:5)
  4 orc priests
  2 giant frog skeletons
  2 worker ants
  3 ogre zombies (D:12)
  An adder (D:3)
  An ooze (D:2)
  A giant gecko (D:1)
  17 orcs
  4 bats
  3 giant cockroaches
  3 goblins
  2 hobgoblins (D:2)
  2 quokkas
  2 giant newts (D:2)
  3 goblin zombies (D:12)
  4 hobgoblin zombies (D:12)
  A kobold (D:2)
  8 orc zombies (D:12)
  2 rats
95 creatures vanquished.

Notes
Turn   | Place    | Note
--------------------------------------------------------------
     0 | D:1      | brucemayne the Demonspawn Berserker began the quest for the Orb.
     0 | D:1      | Reached XP level 1. HP: 18/18 MP: 1/1
    97 | D:2      | Gained mutation: You are partially covered in icy blue scales (AC +1). [demonic ancestry]
    97 | D:2      | Reached XP level 2. HP: 20/24 MP: 2/2
   183 | D:3      | Reached ** piety under Trog
   207 | D:3      | Reached XP level 3. HP: 18/29 MP: 3/3
   220 | D:3      | You fall through a shaft for 2 floors!
   220 | D:5      | Entered Level 5 of the Dungeon
   276 | D:5      | Reached skill level 4 in Axes
   320 | D:4      | Noticed Edmund
   339 | D:4      | Killed Edmund
   339 | D:4      | Reached skill level 5 in Axes
   339 | D:4      | Gained mutation: You are mostly covered in icy blue scales (AC +3, EV -1). [demonic ancestry]
   339 | D:4      | Reached XP level 4. HP: 30/35 MP: 4/4
   339 | D:4      | Gained mutation: You are slightly more attuned to the shadows. [demonic ancestry]
   339 | D:4      | Reached XP level 5. HP: 35/41 MP: 5/5
   375 | D:5      | Noticed an ice beast
   428 | D:5      | Reached skill level 6 in Axes
   431 | D:5      | Killed an ice beast
   431 | D:5      | Gained mutation: You are significantly more attuned to the shadows. [demonic ancestry]
   431 | D:5      | Reached XP level 6. HP: 40/47 MP: 6/6
   476 | D:5      | Noticed Crazy Yiuf
   484 | D:5      | Killed Crazy Yiuf
   586 | D:5      | Reached skill level 7 in Axes
   721 | D:8      | Reached XP level 7. HP: 52/52 MP: 7/7
   897 | D:8      | Found a staircase to the Lair.
   898 | D:8      | Noticed a fire drake
   918 | D:8      | Killed a fire drake
   918 | D:8      | Reached skill level 8 in Axes
  1053 | D:7      | Reached skill level 9 in Axes
  1053 | D:7      | Gained mutation: You are completely covered in icy blue scales (AC +4, EV -1, rC+). [demonic ancestry]
  1053 | D:7      | Reached XP level 8. HP: 37/58 MP: 8/8
  1340 | D:10     | Entered Level 10 of the Dungeon
  1343 | D:10     | Noticed a hill giant
  1353 | D:10     | Killed a hill giant
  1353 | D:10     | Reached skill level 10 in Axes
  1563 | D:10     | Noticed Sonja
  1654 | D:10     | Reached *** piety under Trog
  1658 | D:10     | Reached skill level 11 in Axes
  1658 | D:10     | Gained mutation: You have sharp fingernails. [demonic ancestry]
  1658 | D:10     | Reached XP level 9. HP: 63/63 MP: 9/9
  1849 | D:10     | Killed Sonja
  1849 | D:10     | Reached skill level 12 in Axes
  1952 | D:12     | Noticed an eight-headed hydra
  2102 | D:12     | Found a staircase to the Orcish Mines.
  2120 | D:12     | HP: 3/63 [phantom (5)]
  2124 | D:12     | Reached skill level 13 in Axes
  2125 | D:12     | HP: 3/63 [troll zombie (7)]
  2126 | D:12     | Slain by an ogre zombie

Vault maps used:
D:1:      mrwooster_arrival_statue_2, st_stairs_13
D:2:      overflow_temple_1_default, nicolae_gozag_zags_fifth_avenue, uniq_iyjb
D:3:      minmay_misc_feat_plants
D:4:      gammafunk_temple_overflow_elements, uniq_edmund
D:5:      first_bread, uniq_crazy_yiuf_cottage
D:6:      fedhas_altar_1
D:8:      nicolae_ru_awakened_eye, minmay_lair_entry_lava, basic_altar,
          serial_shops, shop, grunt_ogre_cave, minmay_misc_feat_tower
D:9:      led_sif_book, kennysheep_boxes, uniq_psyche, uniq_maurice,
          uniq_erolcha
D:10:     uniq_sonja
D:11:     lightli_church_of_beogh
D:12:     zombieorc2_lemuel, nemelex_xobeh_ov_fountains_minmay

Action                   |  1- 3 |  4- 6 |  7- 9 || total
-------------------------+-------+-------+-------++-------
Melee: Hand axe          |    52 |    57 |   118 ||   227
       War axe           |       |       |    69 ||    69
Throw: Throwing net      |       |       |     2 ||     2
Invok: Berserk           |     4 |     4 |     9 ||    17
       Trog's Hand       |     2 |     1 |     5 ||     8
Evoke: Wand              |       |       |    17 ||    17
  Use: Potion            |     1 |       |     6 ||     7
       Scroll            |       |       |     9 ||     9
 Stab: Sleeping          |       |     2 |     1 ||     3
  Eat: Chunk             |     1 |     6 |    10 ||    17
       Beef jerky        |       |       |     4 ||     4
       Meat ration       |       |       |     1 ||     1
